[Event "German Cup 2019"]
[Site "Magdeburg"]
[Date "2019.05.30"]
[Round "1.1"]
[White "Kueppers, Timo"]
[Black "Kurth, Uwe"]
[Result "1/2-1/2"]
[ECO "A30"]
[WhiteElo "2312"]
[BlackElo "2027"]
[Annotator "ChessBase"]
[PlyCount "81"]
[EventDate "2019.05.30"]
[EventType "k.o."]
[EventCountry "GER"]
[SourceTitle "playchess.com"]
[Source "ChessBase"]
[SourceQuality "1"]
[TimeControl "40/5400+30:900+30"]

1. c4 c5 2. Nf3 b6 3. g3 Bb7 4. Bg2 g6 5. O-O Bg7 6. Nc3 Nf6 7. d4 cxd4 8. Nxd4 Bxg2 9. Kxg2 O-O 10. Nc2 d6 11. b3 Nbd7 12. Bd2 Nc5 13. Be1 Nfe4 14. Nd4 Rc8 15. Nxe4 Nxe4 16. f3 Nc5 17. Rc1 d5 18. Bf2 dxc4 19. Rxc4 Qd7 20. b4 Rfd8 21. Qc1 e5 22. bxc5 exd4 23. c6 Qe6 24. Qc2 Rd6 25. c7 Rd7 26. Rc1 Bh6 27. Rd1 Qe7 28. Rdxd4 Rdxc7 29. Rxc7 Rxc7 30. Qd3 Bf8 31. Rd8 Qf6 32. Be3 g5 33. Re8 h6 34. Bd4 Qd6 35. Qe3 Re7 36. Rxe7 Qxe7 37. Qd3 Bg7 38. Bxg7 Kxg7 39. e4 Qb4 40. Qe2 a5 41. e5 1/2-1/2

[Event "German Cup 2019"]
[Site "Magdeburg"]
[Date "2019.05.30"]
[Round "1.1"]
[White "Kuberczyk, Christoph"]
[Black "Freiherr von Hauff, Christopher"]
[Result "1-0"]
[ECO "A59"]
[WhiteElo "2271"]
[BlackElo "1954"]
[Annotator "ChessBase"]
[PlyCount "87"]
[EventDate "2019.05.30"]
[EventType "k.o."]
[EventCountry "GER"]
[SourceTitle "playchess.com"]
[Source "ChessBase"]
[SourceQuality "1"]
[TimeControl "40/5400+30:900+30"]

1. d4 Nf6 2. c4 c5 3. d5 b5 4. cxb5 a6 5. bxa6 g6 6. Nc3 Bxa6 7. e4 Bxf1 8. Kxf1 d6 9. Nf3 Bg7 10. g3 O-O 11. Kg2 Na6 12. Qe2 Qb6 13. Rb1 Rfb8 14. Bf4 Nc7 15. b3 Qa6 16. Qd2 Nb5 17. Nxb5 Rxb5 18. e5 dxe5 19. Bxe5 Ne4 20. Qc2 Bxe5 21. Nxe5 Nf6 22. a4 Ra5 23. Nc6 Nxd5 24. Nxa5 Qxa5 25. Rbc1 Rc8 26. Qe4 e6 27. Rc4 Rb8 28. Rhc1 Rxb3 29. Rxc5 Qa6 30. Qe5 Ne7 31. Rc7 Qa8+ 32. Kh3 Qf8 33. Rxe7 Rf3 34. Rec7 Rf5 35. Qb2 Qh6+ 36. Kg2 e5 37. a5 Qh5 38. R7c3 Qg4 39. Re3 Rh5 40. h4 Rxh4 41. Qb8+ Kg7 42. Qxe5+ Kg8 43. Rc8+ Qxc8 44. Qe8+ 1-0

[Event "German Cup 2019"]
[Site "Magdeburg"]
[Date "2019.05.30"]
[Round "1.1"]
[White "Cofmann, Veaceslav"]
[Black "Steffens, Olaf"]
[Result "1-0"]
[ECO "C01"]
[WhiteElo "2250"]
[BlackElo "2201"]
[Annotator "ChessBase"]
[PlyCount "61"]
[EventDate "2019.05.30"]
[EventType "k.o."]
[EventCountry "GER"]
[SourceTitle "playchess.com"]
[Source "ChessBase"]
[SourceQuality "1"]
[TimeControl "40/5400+30:900+30"]

1. e4 a6 2. d4 e6 3. Nf3 b5 4. Bd3 c5 5. c3 Bb7 6. Be3 Nf6 7. Nbd2 Nc6 8. a3 Ng4 9. Bf4 Qb6 10. h3 Nf6 11. Be3 Be7 12. b4 d6 13. Qe2 c4 14. Bc2 Qc7 15. O-O e5 16. d5 Nb8 17. a4 Nbd7 18. Nb1 O-O 19. Na3 Qb8 20. Nd2 h6 21. axb5 axb5 22. Nxb5 Bxd5 23. Na3 Bb7 24. Naxc4 Rc8 25. f4 exf4 26. Bxf4 Ne5 27. Rxa8 Bxa8 28. Bb3 Qb5 29. Bxe5 dxe5 30. Rf5 Bd6 31. Rxf6 1-0

[Event "German Cup 2019"]
[Site "Magdeburg"]
[Date "2019.05.30"]
[Round "1.1"]
[White "Hoehn, Michael"]
[Black "Uphoff, Lennart"]
[Result "0-1"]
[ECO "A06"]
[WhiteElo "2026"]
[BlackElo "2145"]
[Annotator "ChessBase"]
[PlyCount "66"]
[EventDate "2019.05.30"]
[EventType "k.o."]
[EventCountry "GER"]
[SourceTitle "playchess.com"]
[Source "ChessBase"]
[SourceQuality "1"]
[TimeControl "40/5400+30:900+30"]

1. Nf3 Nf6 2. b3 d5 3. Bb2 c5 4. g3 Nc6 5. d4 Bf5 6. Bg2 e6 7. O-O Be7 8. e3 Rc8 9. c3 O-O 10. Re1 b5 11. Ne5 cxd4 12. exd4 Nxe5 13. dxe5 Ne4 14. Bxe4 Bxe4 15. Nd2 Bg6 16. Qe2 Qb6 17. Rac1 Rc7 18. h4 h6 19. Kg2 Rfc8 20. Nf1 b4 21. cxb4 Rc2 22. Qe3 Bxb4 23. Rxc2 Rxc2 24. Bd4 Qa6 25. Rc1 Re2 26. Rc8+ Kh7 27. Qc1 Qxa2 28. Qc7 Qxb3 29. Qd8 Be4+ 30. Kg1 Qf3 31. Qg8+ Kg6 32. h5+ Kxh5 33. g4+ Kg6 0-1

[Event "German Cup 2019"]
[Site "Magdeburg"]
[Date "2019.05.30"]
[Round "1.1"]
[White "Kollenberg, Cedric"]
[Black "Bold, Andre"]
[Result "1/2-1/2"]
[ECO "E18"]
[WhiteElo "2008"]
[BlackElo "2064"]
[Annotator "NA"]
[PlyCount "47"]
[EventDate "2019.05.30"]
[EventType "k.o."]
[EventCountry "GER"]
[SourceTitle "playchess.com"]
[Source "ChessBase"]
[SourceQuality "1"]
[TimeControl "40/5400+30:900+30"]

1. d4 Nf6 2. c4 b6 3. Nf3 Bb7 4. g3 e6 5. Bg2 Be7 6. O-O O-O 7. Nc3 Ne4 8. Bd2 Nxc3 9. Bxc3 d5 10. Ne5 Nd7 {[%emt 0:12:06] E18: Queen's Indian: Old Main Line (4 g3 Bb7 5 Bg2 Be7 6 0-0 0-0 7 Nc3)} 11. Qa4 (11. cxd5 exd5 12. Qc2 Re8 13. Rfd1 Bd6 14. Nc4 Bf8 15. Rac1 Qe7 16. e3 Nf6 17. Ne5 a5 18. a3 {0-1 (52) Xu,Y (2545)-Bu,X (2725) China 2018}) 11... Nxe5 12. dxe5 c6 13. Rfd1 f5 $146 ({Predecessor:} 13... Qc7 14. Rac1 dxc4 15. Qxc4 Rfd8 16. Qg4 c5 17. e4 Rxd1+ 18. Rxd1 {0-1 (43) Dors,R (2228)-Kantorik,M (2270) Slovakia 2013}) 14. e3 a6 15. cxd5 cxd5 16. Rac1 b5 17. Qb3 Rc8 18. Bd4 Qa5 19. Bf1 $14 Rc7 20. Bc3 Qb6 21. Bd4 Qa5 22. Bc3 Qb6 23. Bd4 Qa5 24. Bc3 1/2-1/2

[Event "German Cup 2019"]
[Site "Magdeburg"]
[Date "2019.05.30"]
[Round "1.1"]
[White "Haeussler, Daniel"]
[Black "Gressmann, Moritz"]
[Result "0-1"]
[ECO "D24"]
[WhiteElo "1983"]
[BlackElo "2180"]
[Annotator "ChessBase"]
[PlyCount "118"]
[EventDate "2019.05.30"]
[EventType "k.o."]
[EventCountry "GER"]
[SourceTitle "playchess.com"]
[Source "ChessBase"]
[SourceQuality "1"]
[TimeControl "40/5400+30:900+30"]

1. d4 d5 2. c4 dxc4 3. Nc3 a6 4. a4 Nf6 5. Nf3 Nc6 6. e4 Bg4 7. Be3 e6 8. Bxc4 Bb4 9. Bd3 O-O 10. Bc2 Re8 11. O-O Bxf3 12. gxf3 e5 13. Ne2 Nh5 14. d5 Na5 15. b3 Qf6 16. Ng3 Nf4 17. Kh1 Rad8 18. Nf5 g6 19. Nh6+ Kf8 20. Ng4 Qg5 21. Bd2 Nc6 22. Rg1 Bxd2 23. Qxd2 Nd4 24. Bd1 Qe7 25. Rc1 c6 26. Ne3 cxd5 27. Nxd5 Nxd5 28. Qh6+ Kg8 29. exd5 Rxd5 30. Bc2 Nxc2 31. Rxc2 Qf6 32. Rg3 Qf4 33. Qh3 e4 34. Rc8 Rd1+ 35. Kg2 exf3+ 36. Rxf3 Qg5+ 37. Rg3 Qd5+ 38. Rf3 Qg5+ 39. Rg3 Qd5+ 40. Rf3 Rxc8 41. Qxc8+ Kg7 42. Qc3+ Qd4 43. Qc7 Qg4+ 44. Rg3 Qe4+ 45. Rf3 Rg1+ 46. Kxg1 Qxf3 47. Qb6 Kh6 48. Kf1 Kh5 49. b4 Kg4 50. Ke1 Kh3 51. Qd6 Kg2 52. Qd4 f5 53. Qd2 Kxh2 54. Kf1 Qh1+ 55. Ke2 Qe4+ 56. Kf1 Qc4+ 57. Ke1 Kg1 58. Qg5+ Qg4 59. Qe3 Qe4 0-1

[Event "German Cup 2019"]
[Site "Magdeburg"]
[Date "2019.05.30"]
[Round "2.1"]
[White "Langrock, Hannes"]
[Black "Nguyen, Alex Dac-Vuong"]
[Result "1/2-1/2"]
[ECO "A57"]
[WhiteElo "2367"]
[BlackElo "2287"]
[Annotator "ChessBase"]
[PlyCount "65"]
[EventDate "2019.05.30"]
[EventType "k.o."]
[EventCountry "GER"]
[SourceTitle "playchess.com"]
[Source "ChessBase"]
[SourceQuality "1"]
[TimeControl "40/5400+30:900+30"]

1. d4 Nf6 2. c4 c5 3. d5 b5 4. Qc2 Na6 5. a3 bxc4 6. e4 Nc7 7. Bxc4 e6 8. Nc3 exd5 9. exd5 d6 10. Nge2 Be7 11. b4 O-O 12. O-O Rb8 13. bxc5 dxc5 14. Bf4 Bd6 15. Bxd6 Qxd6 16. Ng3 Re8 17. Rfe1 Bd7 18. Nce4 Nxe4 19. Nxe4 Qe5 20. Qc3 Nxd5 21. Qxe5 Rxe5 22. Nxc5 Rxe1+ 23. Rxe1 Bc6 24. f3 Nb6 25. Bb3 Kf8 26. Kf2 Rd8 27. Re2 Rd6 28. Rc2 Bd5 29. Rd2 Ke7 30. Re2+ Kd8 31. Rd2 Ke7 32. Re2+ Kd8 33. Rd2 1/2-1/2

[Event "German Cup 2019"]
[Site "Magdeburg"]
[Date "2019.05.30"]
[Round "2.1"]
[White "Kopylov, Daniel"]
[Black "Falk, Kristoffer"]
[Result "1-0"]
[ECO "B40"]
[WhiteElo "2263"]
[BlackElo "2019"]
[Annotator "ChessBase"]
[PlyCount "65"]
[EventDate "2019.05.30"]
[EventType "k.o."]
[EventCountry "GER"]
[SourceTitle "playchess.com"]
[Source "ChessBase"]
[SourceQuality "1"]
[TimeControl "40/5400+30:900+30"]

1. e4 c5 2. Nf3 e6 3. g3 a6 4. Bg2 b5 5. O-O Bb7 6. d3 Be7 7. Re1 d6 8. a4 Nf6 9. Na3 O-O 10. Bd2 Qb6 11. a5 Qc7 12. b4 cxb4 13. Bxb4 Nc6 14. Bd2 Nxa5 15. c4 bxc4 16. Bxa5 Qxa5 17. Nxc4 Qc7 18. Na5 Nd7 19. Qb1 Ra7 20. Rc1 Qb8 21. Nd4 Bf6 22. Ndc6 Bxc6 23. Nxc6 Qxb1 24. Raxb1 Raa8 25. d4 Rac8 26. Bf1 Kh8 27. Bxa6 Rc7 28. Rb7 Rfc8 29. Ra7 Rxa7 30. Bxc8 Rc7 31. Bxd7 Rxd7 32. e5 Bd8 33. Ra1 1-0

[Event "German Cup 2019"]
[Site "Magdeburg"]
[Date "2019.05.30"]
[Round "2.1"]
[White "Gressmann, Moritz"]
[Black "Kueppers, Timo"]
[Result "0-1"]
[ECO "B51"]
[WhiteElo "2180"]
[BlackElo "2312"]
[Annotator "RC"]
[PlyCount "87"]
[EventDate "2019.05.30"]
[EventType "k.o."]
[EventCountry "GER"]
[SourceTitle "playchess.com"]
[Source "ChessBase"]
[SourceQuality "1"]
[TimeControl "40/5400+30:900+30"]

1. e4 c5 2. Nf3 d6 3. Bb5+ Nd7 4. O-O a6 5. Bxd7+ Bxd7 6. d4 cxd4 7. Qxd4 e6 8. c4 Rc8 9. b3 Be7 10. Bb2 Nf6 11. Nbd2 O-O 12. Rfe1 Qc7 13. h3 Rfd8 14. Qe3 b5 15. Nh2 Qb7 16. Qg3 bxc4 17. Nxc4 Rxc4 18. Bxf6 Bxf6 19. bxc4 Bxa1 20. Rxa1 Bc6 21. Ng4 Bxe4 22. Rd1 Qe7 23. c5 d5 24. c6 Rc8 25. Rc1 h5 26. Ne5 Qd6 27. Qf4 f6 28. Ng6 Qa3 29. Rc3 Qxc3 30. Ne7+ Kf8 31. Qd6 Qa1+ 32. Kh2 Re8 33. Nf5+ Kg8 34. Qd7 Qe5+ 35. Ng3 Qb8 36. c7 Qc8 37. Qd6 Bg6 38. f4 h4 39. Ne2 Kf7 40. Nd4 Re7 41. f5 Bxf5 42. Nxf5 exf5 43. Qxd5+ Kg6 44. Qb7 0-1

[Event "German Cup 2019"]
[Site "Magdeburg"]
[Date "2019.05.30"]
[Round "2.1"]
[White "Bold, Andre"]
[Black "Kuberczyk, Christoph"]
[Result "0-1"]
[ECO "A07"]
[WhiteElo "2064"]
[BlackElo "2271"]
[Annotator "ChessBase"]
[PlyCount "125"]
[EventDate "2019.05.30"]
[EventType "k.o."]
[EventCountry "GER"]
[SourceTitle "playchess.com"]
[Source "ChessBase"]
[SourceQuality "1"]
[TimeControl "40/5400+30:900+30"]

1. g3 d5 2. Nf3 g6 3. Bg2 Bg7 4. c4 dxc4 5. Qa4+ Nc6 6. Qxc4 e5 7. d3 Nge7 8. O-O O-O 9. Nc3 h6 10. Be3 Be6 11. Qa4 Nf5 12. Bc5 Re8 13. e4 Nfe7 14. Rfd1 a6 15. Rac1 Qd7 16. Rd2 Red8 17. Rcd1 Bg4 18. Bxe7 Qxe7 19. Nd5 Qd7 20. Rc1 Rac8 21. Qa3 Kh8 22. Qc3 Be6 23. Nb4 Nxb4 24. Qxb4 c5 25. Qa5 Qb5 26. Qc3 f6 27. Nh4 Kh7 28. a3 Qd7 29. Bf1 h5 30. Rdd1 Bh6 31. Rb1 Bg4 32. Re1 Rc7 33. Ng2 c4 34. dxc4 Bd2 35. Qb3 Bxe1 36. Rxe1 Be6 37. Ne3 b5 38. Nd5 Bxd5 39. cxd5 Kg7 40. Qe3 g5 41. Be2 Kg6 42. Qb6 Qd6 43. Qe3 Rh8 44. Qf3 Qd7 45. Qe3 Rb7 46. Rf1 h4 47. f4 hxg3 48. fxg5 gxh2+ 49. Kh1 fxg5 50. Rf5 Qd8 51. Qc5 Qb6 52. Qc1 Qg1+ 53. Qxg1 hxg1=Q+ 54. Kxg1 Re8 55. Kf2 Rc7 56. Kg3 Rc2 57. Bf3 Rc1 58. Bg2 Rg1 59. Kf2 Rb1 60. b4 Rb3 61. Bf3 Re7 62. Rf8 Rf7 63. Ke1 0-1

[Event "German Cup 2019"]
[Site "Magdeburg"]
[Date "2019.05.30"]
[Round "2.1"]
[White "Meyer-Dunker, Paul"]
[Black "Jandke, Manfred"]
[Result "1-0"]
[ECO "C02"]
[WhiteElo "2062"]
[BlackElo "2072"]
[Annotator "NA"]
[PlyCount "59"]
[EventDate "2019.05.30"]
[EventType "k.o."]
[EventCountry "GER"]
[SourceTitle "playchess.com"]
[Source "ChessBase"]
[SourceQuality "1"]
[TimeControl "40/5400+30:900+30"]

1. e4 e6 2. d4 d5 3. e5 c5 4. c3 Qa5 5. a3 Bd7 6. Nf3 Ne7 7. Be3 Nf5 8. Bd3 Nxe3 9. fxe3 Be7 10. O-O Nc6 11. Nbd2 Qb6 12. b4 c4 13. Bc2 f6 14. exf6 gxf6 15. Kh1 O-O-O 16. e4 Rdg8 17. exd5 exd5 18. Nh4 Kb8 19. Qf3 Rg5 20. Bf5 Bxf5 21. Nxf5 Qd8 22. Rae1 Rhg8 23. b5 Rxg2 24. bxc6 Bd6 25. Qxg2 Rxg2 26. Kxg2 bxc6 27. Kh1 Bxa3 28. Rg1 Bf8 29. Rg8 Kc7 30. Ng7 1-0

[Event "German Cup 2019"]
[Site "Magdeburg"]
[Date "2019.05.30"]
[Round "2.1"]
[White "Kurth, Uwe"]
[Black "Cofmann, Veaceslav"]
[Result "0-1"]
[ECO "B01"]
[WhiteElo "2027"]
[BlackElo "2250"]
[Annotator "ChessBase"]
[PlyCount "108"]
[EventDate "2019.05.30"]
[EventType "k.o."]
[EventCountry "GER"]
[SourceTitle "playchess.com"]
[Source "ChessBase"]
[SourceQuality "1"]
[TimeControl "40/5400+30:900+30"]

1. e4 d5 2. exd5 Nf6 3. Nf3 Nxd5 4. Bc4 c6 5. d4 Bg4 6. h3 Bxf3 7. Qxf3 e6 8. c3 Nd7 9. Nd2 Qf6 10. O-O Qxf3 11. Nxf3 Bd6 12. Re1 O-O 13. Bd2 h6 14. a3 Rad8 15. Rad1 Bf4 16. Bxf4 Nxf4 17. h4 a5 18. g3 Nd5 19. Bb3 N5b6 20. Ne5 Nxe5 21. Rxe5 a4 22. Ba2 Nd7 23. Re3 Nf6 24. f3 Rfe8 25. Red3 g5 26. hxg5 hxg5 27. Kf2 Kg7 28. c4 Rh8 29. Kg2 Rh6 30. Rh1 Rxh1 31. Kxh1 c5 32. Bb1 cxd4 33. Bc2 e5 34. Bxa4 g4 35. Kg2 gxf3+ 36. Rxf3 e4 37. Rf5 Kg6 38. Re5 d3 39. Bd1 Rd4 40. b3 Nd7 41. Re8 f5 42. Kf2 d2 43. Ke2 Nf6 44. Re6 Kg5 45. Re7 Nh5 46. Kf2 Rd3 47. g4 fxg4 48. Rxe4 g3+ 49. Kf1 Nf4 50. Re8 g2+ 51. Kf2 Rh3 52. Rg8+ Kf6 53. Rxg2 Nxg2 54. Kxg2 Re3 0-1

[Event "German Cup 2019"]
[Site "Magdeburg"]
[Date "2019.05.30"]
[Round "2.1"]
[White "Othmer, Michael"]
[Black "Hoehn, Michael"]
[Result "1/2-1/2"]
[ECO "A08"]
[WhiteElo "1985"]
[BlackElo "2026"]
[Annotator "NA RC"]
[PlyCount "64"]
[EventDate "2019.05.30"]
[EventType "k.o."]
[EventCountry "GER"]
[SourceTitle "playchess.com"]
[Source "ChessBase"]
[SourceQuality "1"]
[TimeControl "40/5400+30:900+30"]

1. Nf3 Nf6 2. g3 g6 3. Bg2 Bg7 4. O-O O-O 5. d3 d5 6. Nbd2 c5 7. Re1 Nc6 8. e4 Qc7 9. c3 dxe4 10. dxe4 Rd8 11. Qc2 b5 12. Nb3 Nd7 13. Be3 c4 14. Nbd4 Nxd4 15. Nxd4 Bxd4 16. cxd4 e5 17. Rad1 exd4 18. Rxd4 Ne5 19. Rxd8+ Qxd8 20. Rd1 Qa5 21. Qc3 b4 22. Qd4 Be6 23. Bh6 f6 24. Qd6 Re8 25. Be3 c3 26. bxc3 bxc3 27. Rc1 Kf7 28. Qc5 Qxc5 29. Bxc5 Rc8 30. Rxc3 Nd7 31. Bd4 Rxc3 32. Bxc3 Bxa2 1/2-1/2

[Event "German Cup 2019"]
[Site "Magdeburg"]
[Date "2019.05.31"]
[Round "4.1"]
[White "Kopylov, Michael"]
[Black "Kollenberg, Cedric"]
[Result "1-0"]
[ECO "D93"]
[WhiteElo "2413"]
[BlackElo "2008"]
[Annotator "ChessBase"]
[PlyCount "99"]
[EventDate "2019.05.30"]
[EventType "k.o."]
[EventCountry "GER"]
[SourceTitle "playchess.com"]
[Source "ChessBase"]
[SourceQuality "1"]
[TimeControl "40/5400+30:900+30"]

1. d4 d5 2. c4 c6 3. Nf3 Nf6 4. Qc2 g6 5. Bf4 Bg7 6. e3 O-O 7. Nc3 c5 8. dxc5 Qa5 9. Nd2 dxc4 10. Bxc4 Qxc5 11. Nb5 Nbd7 12. Nc7 e5 13. Bg5 Rb8 14. Bxf6 Bxf6 15. Nd5 Qa5 16. O-O b5 17. Bb3 Bb7 18. Ne4 Bxd5 19. Bxd5 Be7 20. Rac1 Nb6 21. Qc7 Rbe8 22. Qxe5 Nxd5 23. Qxd5 Qb4 24. Nc3 a6 25. Rc2 Bf6 26. a3 Qa5 27. Rfc1 Rd8 28. Qc6 Bxc3 29. Qxc3 Qxc3 30. Rxc3 Rd2 31. R3c2 Rfd8 32. Kf1 Rxc2 33. Rxc2 Rd6 34. Ke2 Kg7 35. e4 Kf6 36. f4 Ke6 37. Ke3 h5 38. e5 Rb6 39. b4 a5 40. Rc5 axb4 41. axb4 Kf5 42. Rc7 Ke6 43. Ke4 Ra6 44. Rb7 Rc6 45. Rxb5 Rc4+ 46. Ke3 Kf5 47. Rb7 Ke6 48. Rb6+ Ke7 49. b5 Rb4 50. Rb8 1-0

[Event "German Cup 2019"]
[Site "Magdeburg"]
[Date "2019.05.31"]
[Round "4.1"]
[White "Colpe, Malte"]
[Black "Langrock, Hannes"]
[Result "1-0"]
[ECO "A87"]
[WhiteElo "2381"]
[BlackElo "2367"]
[Annotator "ChessBase"]
[PlyCount "89"]
[EventDate "2019.05.30"]
[EventType "k.o."]
[EventCountry "GER"]
[SourceTitle "playchess.com"]
[Source "ChessBase"]
[SourceQuality "1"]
[TimeControl "40/5400+30:900+30"]

1. d4 f5 2. Nf3 Nf6 3. g3 g6 4. Bg2 Bg7 5. O-O O-O 6. b3 d6 7. Bb2 Ne4 8. Nbd2 Nc6 9. e3 Nxd2 10. Qxd2 e5 11. c4 e4 12. Ne1 a5 13. f3 exf3 14. Bxf3 g5 15. Nd3 Qe7 16. Rae1 Bd7 17. Bc3 Kh8 18. Kh1 Qf6 19. Bg2 Qh6 20. Kg1 Qf6 21. e4 Qg6 22. e5 Rae8 23. e6 Rxe6 24. Rxe6 Bxe6 25. d5 Bd7 26. dxc6 Bxc6 27. Bxc6 bxc6 28. Bxg7+ Qxg7 29. Qb2 Rf6 30. Re1 h6 31. Qd4 Kh7 32. Kg2 c5 33. Qe3 Rf7 34. Nf2 Qb2 35. Qe8 Qf6 36. Qe6 Qg7 37. Qd5 Qf6 38. Re6 Qg7 39. g4 Qf8 40. gxf5 Rxf5 41. Qe4 Kg7 42. Ng4 h5 43. Ne3 Rf6 44. Re7+ Rf7 45. Nf5+ 1-0

[Event "German Cup 2019"]
[Site "Magdeburg"]
[Date "2019.05.31"]
[Round "4.1"]
[White "Andre, Gordon"]
[Black "Kueppers, Timo"]
[Result "1-0"]
[ECO "B08"]
[WhiteElo "2340"]
[BlackElo "2312"]
[Annotator "ChessBase"]
[PlyCount "39"]
[EventDate "2019.05.30"]
[EventType "k.o."]
[EventCountry "GER"]
[SourceTitle "playchess.com"]
[Source "ChessBase"]
[SourceQuality "1"]
[TimeControl "40/5400+30:900+30"]

1. d4 d6 2. e4 Nf6 3. Nc3 g6 4. Be3 Bg7 5. Nf3 O-O 6. Qd2 a6 7. Bd3 b5 8. a4 b4 9. Ne2 a5 10. Bh6 Bb7 11. Ng3 Re8 12. Bxg7 Kxg7 13. h4 e5 14. dxe5 dxe5 15. h5 Ba6 16. Qg5 Bxd3 17. Nf5+ Kh8 18. hxg6 fxg6 19. Nxe5 Kg8 20. Rxh7 1-0

[Event "German Cup 2019"]
[Site "Magdeburg"]
[Date "2019.05.31"]
[Round "4.1"]
[White "Nguyen, Alex Dac-Vuong"]
[Black "Cofmann, Veaceslav"]
[Result "1/2-1/2"]
[ECO "A05"]
[WhiteElo "2287"]
[BlackElo "2250"]
[Annotator "ChessBase"]
[PlyCount "121"]
[EventDate "2019.05.30"]
[EventType "k.o."]
[EventCountry "GER"]
[SourceTitle "playchess.com"]
[Source "ChessBase"]
[SourceQuality "1"]
[TimeControl "40/5400+30:900+30"]

1. Nf3 Nf6 2. g3 e6 3. Bg2 d5 4. O-O Be7 5. d3 O-O 6. Nbd2 b6 7. b3 Bb7 8. Bb2 c5 9. Ne5 Nbd7 10. e4 Nxe5 11. Bxe5 Nd7 12. Bb2 Bf6 13. Bxf6 Qxf6 14. Qe2 Qc3 15. Rac1 Nf6 16. Rfe1 b5 17. e5 Nd7 18. Nb1 Qb2 19. c3 Qxe2 20. Rxe2 Rab8 21. f4 Rfc8 22. Rec2 c4 23. d4 cxb3 24. axb3 a5 25. Bf1 Bc6 26. Na3 Kf8 27. b4 a4 28. Kf2 Ke7 29. Ke3 Rg8 30. Bd3 g6 31. Rf2 h5 32. Kd2 Rh8 33. h3 Nf8 34. Rh1 Bd7 35. Rfh2 Rb7 36. g4 Ke8 37. Be2 h4 38. Rf2 Nh7 39. Bd3 Rg8 40. Rg1 Nf8 41. Rfg2 Ke7 42. Rf2 Ke8 43. Rgg2 Kd8 44. Kc2 Kc7 45. Kb2 Rb8 46. Nc2 Bc6 47. Ne1 Nd7 48. Nf3 Nb6 49. Ng5 Nc4+ 50. Ka2 Rbf8 51. Rg1 Bd7 52. Nh7 Rd8 53. Bxc4 dxc4 54. Nf6 Rh8 55. Rd2 Bc6 56. f5 g5 57. fxe6 fxe6 58. Rf1 Rdf8 59. Rdf2 Kd8 60. Kb2 Ke7 61. Ka3 1/2-1/2

[Event "German Cup 2019"]
[Site "Magdeburg"]
[Date "2019.05.31"]
[Round "4.1"]
[White "Kopylov, Daniel"]
[Black "Meyer-Dunker, Paul"]
[Result "1-0"]
[ECO "C47"]
[WhiteElo "2263"]
[BlackElo "2062"]
[Annotator "ChessBase"]
[PlyCount "39"]
[EventDate "2019.05.30"]
[EventType "k.o."]
[EventCountry "GER"]
[SourceTitle "playchess.com"]
[Source "ChessBase"]
[SourceQuality "1"]
[TimeControl "40/5400+30:900+30"]

1. e4 e5 2. Nf3 Nc6 3. Nc3 Nf6 4. d4 exd4 5. Nxd4 Bb4 6. Nxc6 bxc6 7. Bd3 O-O 8. O-O Re8 9. Bg5 h6 10. Bh4 Bxc3 11. bxc3 g5 12. Bg3 Nxe4 13. Qh5 Kg7 14. Bxe4 Rxe4 15. f4 f6 16. fxg5 hxg5 17. Rae1 d5 18. Rxe4 dxe4 19. Be5 Bg4 20. Qxg5+ 1-0

[Event "German Cup 2019"]
[Site "Magdeburg"]
[Date "2019.05.31"]
[Round "4.1"]
[White "Uphoff, Lennart"]
[Black "Gressmann, Moritz"]
[Result "0-1"]
[ECO "D20"]
[WhiteElo "2145"]
[BlackElo "2180"]
[Annotator "ChessBase"]
[PlyCount "134"]
[EventDate "2019.05.30"]
[EventType "k.o."]
[EventCountry "GER"]
[SourceTitle "playchess.com"]
[Source "ChessBase"]
[SourceQuality "1"]
[TimeControl "40/5400+30:900+30"]

1. d4 d5 2. c4 dxc4 3. e4 e5 4. Nf3 exd4 5. Bxc4 c5 6. Ne5 Be6 7. Bxe6 fxe6 8. Qh5+ g6 9. Nxg6 Nf6 10. Qh3 hxg6 11. Qxh8 Nxe4 12. O-O Qf6 13. Qxf6 Nxf6 14. Re1 Kd7 15. Nd2 Nc6 16. Ne4 Nd5 17. Bd2 c4 18. Rec1 Nb6 19. f4 Rc8 20. g4 Bg7 21. a4 Ne7 22. Kg2 Nbd5 23. Kf3 c3 24. bxc3 dxc3 25. Be1 c2 26. Ra2 Nc6 27. Nc5+ Ke7 28. Bh4+ Kf7 29. Nxb7 Nd4+ 30. Kf2 Rc3 31. Nd8+ Kg8 32. Nxe6 Nb4 33. Raxc2 Nbxc2 34. Nxd4 Bxd4+ 35. Ke2 Be3 36. Rb1 Nd4+ 37. Kf1 Bxf4 38. Rb4 Be5 39. Bf2 Rc1+ 40. Kg2 Rc2 41. Kf1 Nc6 42. Rb7 Ra2 43. Bxa7 Rxa4 44. Rb6 Nxa7 45. Rxg6+ Kf7 46. Rh6 Rxg4 47. Rh7+ Bg7 48. Rh5 Nc6 49. Rf5+ Kg6 50. Rf3 Be5 51. Ke1 Bxh2 52. Kd2 Bf4+ 53. Kc3 Kf5 54. Rf1 Ke4 55. Kc4 Rg5 56. Rh1 Na5+ 57. Kc3 Be5+ 58. Kb4 Bd6+ 59. Kc3 Rg3+ 60. Kc2 Be5 61. Re1+ Kd4 62. Re2 Rc3+ 63. Kb2 Kd3 64. Re1 Nc4+ 65. Kb1 Rb3+ 66. Kc1 Bf4+ 67. Kd1 Nb2# 0-1

[Event "German Cup 2019"]
[Site "Magdeburg"]
[Date "2019.06.01"]
[Round "5.1"]
[White "Poetsch, Hagen"]
[Black "Andre, Gordon"]
[Result "0-1"]
[ECO "C18"]
[WhiteElo "2515"]
[BlackElo "2340"]
[Annotator "ChessBase"]
[PlyCount "94"]
[EventDate "2019.05.30"]
[EventType "k.o."]
[EventCountry "GER"]
[SourceTitle "playchess.com"]
[Source "ChessBase"]
[SourceQuality "1"]
[TimeControl "40/5400+30:900+30"]

1. e4 e6 2. d4 d5 3. Nc3 Bb4 4. e5 c5 5. a3 Ba5 6. b4 cxd4 7. Qg4 Kf8 8. Nb5 Bb6 9. Nf3 Nc6 10. Bb2 Nge7 11. Nbxd4 Nxd4 12. Nxd4 Ng6 13. Nf3 f5 14. Qg3 Bd7 15. Bd3 Qe8 16. h4 Bb5 17. h5 Bxd3 18. cxd3 Ne7 19. a4 a6 20. Ng5 Nc6 21. Qf4 h6 22. Nf3 g5 23. hxg6 Qxg6 24. Nh4 Qf7 25. g4 fxg4 26. Ng6+ Kg7 27. Qxf7+ Kxf7 28. Nxh8+ Rxh8 29. b5 axb5 30. axb5 Nd4 31. Ra4 Nf3+ 32. Kf1 d4 33. Kg2 h5 34. Kg3 Kg6 35. Rha1 Bc7 36. Ra7 Bxe5+ 37. Kg2 b6 38. Rb7 Rc8 39. Rxb6 Rc2 40. Ba3 h4 41. Rxe6+ Kf5 42. Rxe5+ Nxe5 43. b6 g3 44. Kh3 Rxf2 45. Kxh4 Kf4 46. Bc1+ Kf3 47. b7 Nd7 0-1

[Event "German Cup 2019"]
[Site "Magdeburg"]
[Date "2019.06.01"]
[Round "5.1"]
[White "Kueppers, Timo"]
[Black "Kopylov, Michael"]
[Result "0-1"]
[ECO "B01"]
[WhiteElo "2312"]
[BlackElo "2413"]
[Annotator "ChessBase"]
[PlyCount "82"]
[EventDate "2019.05.30"]
[EventType "k.o."]
[EventCountry "GER"]
[SourceTitle "playchess.com"]
[Source "ChessBase"]
[SourceQuality "1"]
[TimeControl "40/5400+30:900+30"]

1. e4 d5 2. exd5 Qxd5 3. Nc3 Qa5 4. d4 c6 5. Nf3 Nf6 6. Bc4 Bf5 7. Bd2 e6 8. Nd5 Qd8 9. Nxf6+ Qxf6 10. Qe2 Bg4 11. d5 Bxf3 12. gxf3 cxd5 13. Bxd5 Nd7 14. O-O-O O-O-O 15. Be4 Nc5 16. Bc3 Qf4+ 17. Kb1 Rxd1+ 18. Rxd1 Nxe4 19. fxe4 Bd6 20. Bxg7 Rg8 21. Bd4 Qxh2 22. Bxa7 Rg1 23. c4 h5 24. Rxg1 Qxg1+ 25. Kc2 Qg6 26. c5 Bc7 27. b4 h4 28. b5 f5 29. c6 fxe4 30. Qc4 e3+ 31. Kb2 Be5+ 32. Ka3 e2 33. Qxe2 Bd6+ 34. Ka4 Qf5 35. Bb6 h3 36. f4 Qxf4+ 37. Kb3 Qf5 38. Bg1 Qd5+ 39. Ka4 bxc6 40. b6 Kb7 41. Qf1 Qxa2# 0-1